 Dungeon Crawl Stone Soup version 0.27-a0-1137-g3ef0f4ec91 (webtiles) character file.

Game seed: 10194172779907017620

72 kae the Slasher (level 4, -3/35 HPs)
             Began as a Demonspawn Abyssal Knight on May 6, 2021.
             Was a Follower of Lugonu.
             Slain by an adder (5 damage)
             ... on level 2 of the Dungeon.
             The game lasted 00:00:55 (2041 turns).

kae the Slasher (Demonspawn Abyssal Knight)         Turns: 2041, Time: 00:00:56

Health: -3/35      AC:  4    Str: 14    XL:     4   Next: 7%
Magic:  5/5        EV: 11    Int: 19    God:    Lugonu [*.....]
Gold:   90         SH:  0    Dex: 12    Spells: 3/3 levels left

rFire    . . .     SeeInvis .   a - +1 falchion
rCold    . . .     Faith    .   (no shield)
rNeg     . . .     Spirit   .   b - +0 leather armour
rPois    .         Reflect  .   (helmet restricted)
rElec    .         Harm     .   (no cloak)
rCorr    .         Rampage  .   (no gloves)
Will     .....                  g - +0 pair of boots
Stlth    +.........             (no amulet)
HPRegen  0.11/turn              c - +6 ring of intelligence
MPRegen  0.09/turn              (no ring)

@: lethally poisoned (-3 -> -7)
A: antennae 1, claws 1, demonic magic 1
a: Renounce Religion, Depart the Abyss


You were on level 2 of the Dungeon.
You worshipped Lugonu.
Lugonu was aware of your devotion.
You visited 1 branch of the dungeon, and saw 2 of its levels.
You visited the Abyss 1 time.

You collected 90 gold pieces.

Inventory:

Hand Weapons
 a - a +1 falchion (weapon)
Armour
 b - a +0 leather armour (worn)
 g - a +0 pair of boots (worn)
Jewellery
 c - a +6 ring of intelligence (left claw)
Scrolls
 d - 2 scrolls of identify {unknown}
 h - a scroll of noise {unknown}
Potions
 e - a potion of curing
 f - a potion of brilliance {unknown}


   Skills:
 - Level 3.0 Fighting
 + Level 4.0 Long Blades
 - Level 1.7 Armour
 - Level 0.8 Dodging
 - Level 2.4 Invocations


You had 3 spell levels left.
You didn't know any spells.
Your spell library was empty.

Dungeon Overview and Level Annotations

Branches:
Dungeon (2/15)

Altars:


Innate Abilities, Weirdness & Mutations

You have a pair of small antennae on your head.
You have sharp fingernails.
Spells you cast may paralyse adjacent enemies.


Message History

Things that are here:
a +0 short sword; 2 stones; a kobold corpse You feel sick.
The adder barely misses you.
You miss the adder.
The adder is heavily wounded.
You feel sick. The adder bites you.
* * * LOW HITPOINT WARNING * * *
You hit the adder.
The adder is almost dead.
You feel sick. The adder barely misses you.
It was a potion of curing.
You feel better. The adder bites you but does no damage.
The adder barely misses you.
You closely miss the adder.
The adder is almost dead.
The adder barely misses you.
A rat comes into view.
You closely miss the adder.
The adder is almost dead.
The adder bites you. The adder barely misses you.
You hit the adder.
You kill the adder!
Lugonu accepts your kill. The adder bites you.
* * * LOW HITPOINT WARNING * * *
You are lethally poisoned!
The adder poisons you!
Your Long Blades skill increases to level 4!
You have reached level 4!
You feel stronger.
Your demonic ancestry asserts itself...
Your fingernails lengthen.
You hit the adder.
The adder is moderately wounded.
* * * LOW HITPOINT WARNING * * *
You feel sick. The adder bites you.
* * * LOW HITPOINT WARNING * * *
You hit the adder.
The adder is almost dead.
* * * LOW HITPOINT WARNING * * *
You feel sick. The adder bites you.
You die...

..# ## ###
#...#5######
#..
#..wgS@..#
#.#
#...#r####.#
#.# ..# ###
#.# #.#
#.####.# #.#
#......# #.#
##.##### ..#
#..# .##
##.########
.####
#........#


You could see a worm, an adder, a shadow imp, a hobgoblin and a rat.

Vanquished Creatures
  2 adders
  A worm (D:1)
  2 dart slugs (D:1)
  4 bats (D:1)
  3 endoplasms
  A giant cockroach (D:1)
  4 goblins
  3 hobgoblins (D:1)
  8 jackals
  A quokka (D:1)
  4 ball pythons
  2 frilled lizards (D:1)
  7 kobolds
42 creatures vanquished.

Notes
Turn   | Place    | Note
-------+----------+-------------------------------------------
     0 | Abyss:1  | kae the Demonspawn Abyssal Knight began the quest for the
                  | Orb.
     0 | Abyss:1  | Reached XP level 1. HP: 18/18 MP: 2/2
    32 | Abyss:1  | Noticed a small abomination
    64 | Abyss:1  | Noticed a blink frog
    67 | D:1      | Escaped the Abyss
   128 | D:1      | Reached skill level 2 in Long Blades
   158 | D:1      | Reached * piety under Lugonu
   159 | D:1      | Gained mutation: Spells you cast may paralyse adjacent
                  | enemies. [demonic ancestry]
   159 | D:1      | Reached XP level 2. HP: 19/24 MP: 3/3
   420 | D:1      | Reached skill level 3 in Long Blades
   683 | D:1      | Gained mutation: You have a pair of small antennae on your
                  | head. [demonic ancestry]
   683 | D:1      | Reached XP level 3. HP: 25/29 MP: 4/4
  2040 | D:2      | Reached skill level 4 in Long Blades
  2040 | D:2      | Gained mutation: You have sharp fingernails. [demonic
                  | ancestry]
  2040 | D:2      | Reached XP level 4. HP: 8/35 MP: 5/5
  2041 | D:2      | Slain by an adder

Illustrated notes

Levels and vault maps discovered:
D:1:      minmay_arrival_four_houses, layout_loops_ring, minmay_vboxes
D:2:      minmay_spotlight, layout_rooms, serial_shops,
          nicolae_shop_window_shopping, grunt_decor_one_mirror,
          serial_bayou_pond_a

Skill      XL: |  1  2  3 |
---------------+----------+-----
Long Blades    | 2 3 4 |  4.0
Fighting       | |  3.0
Armour         | |  1.7
Dodging        | |  0.8
Invocations    | |  2.4

Action                   |  1- 3 |  4- 6 || total
-------------------------+-------+-------++-------
Melee: Falchion          |   122 |     2 ||   124
Invok: Depart the Abyss  |     1 |       ||     1
  Use: Potion            |     1 |       ||     1
Armor: Leather armour    |    52 |       ||    52
Dodge: Dodged            |    98 |       ||    98
       Rpst.: Falchion   |    30 |       ||    30

Table legend: (Time is in decaauts)
 A = Elapsed time spent in this place.
 B = Non-inter-level travel time spent in this place.
 C = Inter-level travel time spent in this place.
 D = Time resting spent in this place.
 E = Time spent auto-exploring this place.
 F = Levels seen in this place.
 G = Mean time per level.
                   A        B        C        D        E       F      G
               +--------+--------+--------+--------+--------+-----+--------+
         Total |   2060 |   1977 |     83 |    445 |   1207 |   3 |  686.7 |
       Dungeon |   1993 |   1910 |     83 |    445 |   1179 |   2 |  996.5 |
         Abyss |     67 |     67 |      0 |      0 |     28 |   1 |   67.0 |
               +--------+--------+--------+--------+--------+-----+--------+

Top non-repeatable levels by time:
     D:1: 1657 daAuts
     D:2: 336 daAuts
 Abyss:1: 67 daAuts
